 Dungeon Crawl Stone Soup version 0.32-a0-607-g64ea0e4219 (webtiles) character file.

Game seed: 5756573450649711212

889 BeKind the Shield-Bearer (level 8, 0/55 HPs)
             Began as an Octopode Fighter on Mar 3, 2024.
             Slain by Sigmund
             ... wielding a +0 scythe
              (10 damage)
             ... on level 5 of the Dungeon.
             The game lasted 00:06:47 (4230 turns).

BeKind the Shield-Bearer (Octopode Fighter)         Turns: 4230, Time: 00:06:48

Health: 0/55       AC:  1    Str: 16    XL:     8   Next: 6%
Magic:  8/8        EV: 14    Int: 10    God:
Gold:   201        SH:  0    Dex: 13    Spells: 7/7 levels left

rFire   . . .        a - +0 trident
rCold   . . .        b - +0 buckler
rNeg    . . .        (helmet restricted)
rPois   .            (no amulet)
rElec   .            (no ring)
rCorr   .            (no ring)
SInv    .            (no ring)
Will    .....        (no ring)
Stlth   ++           (no ring)
HPRegen 0.29/turn    (no ring)
MPRegen 0.11/turn    (no ring)
                     (no ring)

%: no passive effects
@: confused, mighty
A: almost no armour, amphibious, 8 rings, camouflage 1, gelatinous body 1,
(nimble swimmer 1), tentacles
a: no special abilities


You were on level 5 of the Dungeon.
You visited 1 branch of the dungeon, and saw 5 of its levels.

You collected 201 gold pieces.

Inventory:

Hand Weapons
 a - a +0 trident (weapon)
 r - a +1 dire flail of holy wrath
Armour
 b - a +0 buckler (worn)
Wands
 c - a wand of flame (33)
 q - a wand of polymorph (9)
Scrolls
 f - a scroll of revelation {unknown}
 g - a scroll of teleportation {unknown}
 h - a scroll of amnesia {unknown}
 i - 3 scrolls of identify {unknown}
 j - a scroll of butterflies {unknown}
 k - a scroll of acquirement {unknown}
 l - 2 scrolls of poison {unknown}
 n - a scroll of brand weapon {unknown}
 p - 2 scrolls of fog {unknown}
 s - a scroll of enchant armour {unknown}
Potions
 d - 2 potions of resistance {unknown}
 e - 2 potions of brilliance {unknown}
 m - 2 potions of heal wounds {unknown}
 o - a potion of attraction {unknown}


   Skills:
 + Level 5.3 Fighting
 + Level 4.7 Polearms
 + Level 5.3 Dodging
 + Level 5.3 Shields


You had 7 spell levels left.
You didn't know any spells.
Your spell library contained the following spells:

 Spells                   Type           Power      Damage    Failure   Level
 Magic Dart               Conj           0%         1d3       43%         1
 Blink                    Tloc           0%         N/A       58%         2
 Call Imp                 Summ           0%         N/A       58%         2
 Ignite Poison            Fire/Alch      0%         N/A       99%         4
 Sticky Flame             Fire/Alch      0%         2d4       99%         4
 Ignition                 Fire           0%         3d3       100%        8


Dungeon Overview and Level Annotations

Branches:
Dungeon (5/15)
 Temple: D:4-7

Altars:
Cheibriados
Yredelemnul

Annotations:
D:4 2 runed translucent doors, Crazy Yiuf; horus123's ghost, amateur DsGl
D:5 Sigmund


Innate Abilities, Weirdness & Mutations

You cannot wear most types of armour.
You are amphibious.
You can wear up to eight rings at the same time.
Your skin changes colour to match your surroundings (Stealth+).
Your rubbery body absorbs attacks. (AC +1, EV +1)
((You are camouflaged when in or above water. (Stealth+)))
You have tentacles for arms and can constrict up to eight enemies at once.


Message History

There is a strange disturbance nearby!
Something hits you.
Reactivating autopickup.
Sigmund appears from thin air!
You feel very mighty all of a sudden.
Reach: a) +0 trident
Press: ? - help, Dir - move target, f - Sigmund
Aim: Sigmund, wielding a +0 scythe and wearing a +0 robe (about 43% to evade your +0 trident)
You reach to attack!
You puncture Sigmund!
Sigmund is moderately wounded.
Sigmund hits you from afar with a +0 scythe!
* * * LOW HITPOINT WARNING * * *
Reach: a) +0 trident
Press: ? - help, Dir - move target, f/p - Sigmund
Aim: Sigmund, wielding a +0 scythe and wearing a +0 robe (moderately wounded, about 43% to evade your +0 trident)
You reach to attack!
You closely miss Sigmund.
Sigmund is moderately wounded.
Sigmund casts a spell at you. The puff of flame hits you.
* * * LOW HITPOINT WARNING * * *
Reach: a) +0 trident
Press: ? - help, Dir - move target, f/p - Sigmund
Aim: Sigmund, wielding a +0 scythe and wearing a +0 robe (moderately wounded, about 43% to evade your +0 trident)
You reach to attack!
You closely miss Sigmund.
Sigmund is moderately wounded.
Sigmund closely misses you.
Reach: a) +0 trident
Press: ? - help, Dir - move target, f/p - Sigmund
Aim: Sigmund, wielding a +0 scythe and wearing a +0 robe (moderately wounded, about 43% to evade your +0 trident)
You reach to attack!
You puncture Sigmund!
Sigmund is almost dead.
Sigmund says, "Don't worry, I'll kill you fast."
Sigmund gestures at you while chanting.
You are confused.
You're too confused to aim your attacks!
Unknown command.
You're too confused to aim your attacks!
Sigmund hits you with a +0 scythe!
You die...
Sigmund begins carving another notch in his scythe.

#....................###.## .
..# .....................##...#
. ..#
......_...................##.#..
...........................##..#
....................#..#...##..#
..................####..##..#..#
...##............## ##.###....#
.................# #..###...#
....##..........@## ##.####..#
#.#####.......##@.## #.......#
.## #......####..## ##..###### .
#.....# ##..###.........# .##..
##..##......#### # ##....######
#...## ##....## #..#...##


You could see Sigmund.

Vanquished Creatures
  Grinder (D:3)
  Edmund (D:4)
  A phantom (D:4)
  A scorpion (D:3)
  3 bombardier beetles (D:4)
  An orc priest (D:3)
  A sleepcap (D:4)
  Jessica (D:2)
  Natasha (thrice) (D:4)
  An iguana (D:3)
  Robin (D:3)
  6 adders
  3 dart slugs
  A ribbon worm (D:2)
  9 orcs
  9 ball pythons
  3 bats
  9 endoplasms
  14 goblins
  15 hobgoblins
  6 kobolds
  2 quokkas
  5 frilled lizards
  A rat (D:2)
98 creatures vanquished.

Notes
Turn   | Place    | Note
-------+----------+-------------------------------------------
     0 | D:1      | BeKind the Octopode Fighter began the quest for the Orb.
     0 | D:1      | Reached XP level 1. HP: 16/16 MP: 1/1
    20 | D:1      | Found a faded altar of an unknown god.
   154 | D:1      | Reached XP level 2. HP: 21/21 MP: 2/2
   554 | D:1      | Reached XP level 3. HP: 26/26 MP: 3/3
  1142 | D:2      | Noticed Jessica
  1146 | D:2      | Killed Jessica
  1225 | D:2      | Reached XP level 4. HP: 25/31 MP: 4/4
  1751 | D:3      | Noticed Robin
  2132 | D:3      | Killed Robin
  2206 | D:3      | Reached XP level 5. HP: 37/37 MP: 5/5
  2446 | D:3      | Found a basalt altar of Yredelemnul.
  2639 | D:3      | Noticed Grinder
  2645 | D:3      | Reached XP level 6. HP: 35/43 MP: 6/6
  2648 | D:3      | Killed Grinder
  2649 | D:3      | Reached XP level 7. HP: 26/49 MP: 7/7
  3093 | D:4      | Noticed Edmund
  3115 | D:4      | Killed Edmund
  3116 | D:4      | Reached skill level 5 in Shields
  3205 | D:4      | Noticed Natasha
  3221 | D:4      | Killed Natasha
  3222 | D:4      | Reached skill level 5 in Fighting
  3222 | D:4      | Reached skill level 5 in Dodging
  3297 | D:4      | Noticed horus123's ghost (amateur DsGl)
  3298 | D:4      | Found a runed translucent door.
  3310 | D:4      | Noticed Natasha
  3317 | D:4      | Killed Natasha
  3416 | D:4      | Noticed Natasha
  3422 | D:4      | Killed Natasha
  3494 | D:4      | Reached XP level 8. HP: 30/55 MP: 8/8
  3860 | D:4      | Found a runed translucent door.
  3861 | D:4      | Noticed Crazy Yiuf
  4035 | D:5      | Entered Level 5 of the Dungeon
  4110 | D:5      | Found a snail-covered altar of Cheibriados.
  4184 | D:5      | Noticed Sigmund
  4230 | D:5      | Slain by Sigmund

Illustrated notes

Levels and vault maps discovered:
D:1:      ncdulo_watergridlock, layout_basic, ebering_ecumenical_altar_ruins,
          minmay_close_crescents
D:2:      layout_basic, serial_glass, glass_columns_c, glass_columns_b,
          uniq_jessica
D:3:      corexii_shack_village, layout_basic, yredelemnul_altar_generic,
          uniq_robin, uniq_grinder
D:4:      layout_basic, hellmonk_ghost_happy_afterlife, minivault_24,
          uniq_natasha, uniq_edmund, uniq_crazy_yiuf_cottage
D:5:      layout_layer_cave, overflow_temple_1_default, lemuel_doored_altar,
          uniq_sigmund

Skill      XL: |  1  2  3  4  5  6  7 |
---------------+----------------------+-----
Polearms       | 3 4 |  4.7
Shields        | 4 5 |  5.3
Fighting       | 4 5 |  5.3
Dodging        | 4 5 |  5.3

Action                     |  1- 3 |  4- 6 |  7- 9 || total
---------------------------+-------+-------+-------++-------
  Melee: Trident           |    44 |    77 |    98 ||   219
         Tentacles         |     4 |    17 |    15 ||    36
         Constrict         |     6 |    21 |    14 ||    41
    Use: Potion            |       |     1 |     1 ||     2
   Stab: Sleeping          |     4 |     3 |     5 ||    12
 Armour: Skin              |     8 |    29 |    43 ||    80
  Dodge: Dodged            |    16 |    36 |    29 ||    81
  Block: Buckler           |     3 |    10 |    14 ||    27

Table legend: (Time is in decaauts)
 A = Elapsed time spent in this place.
 B = Non-inter-level travel time spent in this place.
 C = Inter-level travel time spent in this place.
 D = Time resting spent in this place.
 E = Time spent auto-exploring this place.
 F = Levels seen in this place.
 G = Mean time per level.
                   A        B        C        D        E       F      G
               +--------+--------+--------+--------+--------+-----+--------+
         Total |   4275 |   4073 |    202 |    415 |   3021 |   5 |  855.0 |
       Dungeon |   4275 |   4073 |    202 |    415 |   3021 |   5 |  855.0 |
               +--------+--------+--------+--------+--------+-----+--------+

Top non-repeatable levels by time:
     D:1: 1126 daAuts
     D:4: 1029 daAuts
     D:3: 983 daAuts
     D:2: 941 daAuts
     D:5: 195 daAuts
